 Dungeon Crawl Stone Soup version 0.26.1-11-gd32895ea62 (webtiles) character file.

Game seed: 5160684998484511642

13622 phalm the Thaumaturge (level 11, -17/65 HPs)
             Began as a Deep Elf Conjurer on June 20, 2021.
             Was an Elder of Vehumet.
             Killed from afar by Erolcha (44 damage)
             ... with a crystal spear
             ... on level 11 of the Dungeon.
             The game lasted 00:36:09 (12203 turns).

phalm the Thaumaturge (Deep Elf Conjurer)          Turns: 12203, Time: 00:36:09

Health: -17/65     AC:  9    Str:  4    XL:     11   Next: 78%
Magic:  15/28      EV: 13    Int: 33    God:    Vehumet [****..]
Gold:   536        SH:  5    Dex: 13    Spells: 0/33 levels left

rFire    . . .     SeeInvis .   A - staff of cold
rCold    + . .     Faith    .   G - +0 buckler {AC+3}
rNeg     . . .     Spirit   .   t - +1 robe {Will+}
rPois    .         Reflect  .   (no helmet)
rElec    .         Harm     .   (no cloak)
rCorr    .         Rampage  .   P - +2 pair of gloves
Will     +++..                  (no boots)
Stlth    ++........             v - amulet of magic regeneration
HPRegen  0.20/turn              j - ring of willpower
MPRegen  0.46/turn              I - +6 ring of intelligence

@: no status effects
A: no striking features
a: Renounce Religion


You were on level 11 of the Dungeon.
You worshipped Vehumet.
Vehumet was greatly pleased with you.
You visited 2 branches of the dungeon, and saw 12 of its levels.
You also visited: Bailey.

You collected 761 gold pieces.
You spent 225 gold pieces at shops.


   Skills:
 + Level 6.3 Fighting
 - Level 1.6 Staves
 - Level 1.6 Throwing
 - Level 1.3 Armour
 - Level 3.4 Dodging
 - Level 2.4 Stealth
 - Level 4.3 Shields
 + Level 11.5 Spellcasting
 + Level 10.1 Conjurations
 - Level 7.0 Hexes
 - Level 7.0 Translocations
 - Level 3.0 Fire Magic
 * Level 3.5 Ice Magic
 * Level 3.0 Air Magic
 * Level 2.6 Poison Magic
 - Level 2.8 Evocations


You couldn't memorise any spells.
You knew the following spells:

 Your Spells              Type           Power        Failure   Level
b - Iskenderun's Battles  Conj           72%          1%          5
c - Mephitic Cloud        Conj/Pois/Air  52%          1%          3
f - Fulminant Prism       Conj/Hex       33%          1%          4
g - Freezing Cloud        Conj/Ice/Air   35%          11%         6
m - Magic Dart            Conj           100%         1%          1
o - Olgreb's Toxic Radia  Pois           36%          2%          4
s - Searing Ray           Conj           100%         1%          2
y - Sticky Flame          Conj/Fire      58%          1%          4
X - Iskenderun's Mystic   Conj/Tloc      66%          1%          4

Your spell library contained the following spells:

 Spells                   Type           Power        Failure   Level
 Bolt of Magma            Conj/Fire/Erth 24%          3%          5
 Corona                   Hex            66%          1%          1
 Confusing Touch          Hex            60%          1%          3
 Dazzling Flash           Conj/Hex       100%         1%          3
 Gell's Gravitas          Tloc           30%          1%          3
 Yara's Violent Unravell  Hex/Tmut       21%          4%          5
 Metabolic Englaciation   Hex/Ice        34%          8%          5
 Petrify                  Tmut/Erth      19%          24%         4

Inventory:

Hand Weapons
 e - a +0 hunting sling
   (You found it on level 1 of the Dungeon)
 H - a +2 scimitar of flaming
   (You took it off Erica on level 8 of the Dungeon)
 V - a +1 trident of pain
   (You took it off an orc on level 11 of the Dungeon)
Missiles
 m - 79 sling bullets
 q - 18 boomerangs
 s - 4 curare-tipped darts (quivered) {=f}
 y - 123 bolts
 C - a throwing net {=f!f}
 E - 28 poisoned darts
 M - 17 javelins
Armour
 i - a +0 tower shield
   (You found it on level 5 of the Dungeon)
 k - quicksilver dragon scales {rare}
   (You found it on level 5 of the Dungeon)
 t - a +1 robe of willpower (worn)
   (You took it off an orc wizard on level 3 of the Dungeon)
 G - a +0 buckler of protection (worn)
   (You bought it in a shop on level 6 of the Dungeon)
 N - the +8 chain mail of Asko Deb {rF+ Regen+ Dex-2}
   (You took it off an orc in a bailey)

   It affects your dexterity (-2).
   It protects you from fire.
   It increases your rate of regeneration.
 O - a +0 plate armour of fire resistance
   (You took it off an orc warrior on level 8 of the Dungeon)
 P - a +2 pair of gloves (worn)
   (You found it on level 8 of the Dungeon)
Magical Staves
 A - an uncursed staff of cold (weapon)
   (You found it on level 8 of the Dungeon)
Jewellery
 g - an uncursed amulet of regeneration
   (You found it on level 1 of the Dungeon)
 j - a ring of willpower (left hand)
   (You found it on level 1 of the Dungeon)
 v - an amulet of magic regeneration (around neck)
   (You found it on level 3 of the Dungeon)
 I - a +6 ring of intelligence (right hand)
   (You found it on level 4 of the Dungeon)
 S - a +6 ring of strength
   (You found it on level 8 of the Dungeon)
 Z - an uncursed ring of wizardry
   (You found it on level 8 of the Dungeon)
Wands
 h - a wand of paralysis (7)
   (You took it off an orc warrior on level 8 of the Dungeon)
 r - a wand of flame (4)
   (You found it on level 9 of the Dungeon)
 R - a wand of digging (4)
   (You found it on level 9 of the Dungeon)
 U - a wand of polymorph (11)
   (You found it on level 10 of the Dungeon)
Scrolls
 a - a scroll of magic mapping {!r}
 b - 3 scrolls of immolation {!r!r}
 c - a scroll of remove curse {@r2}
 f - a scroll of acquirement {unknown}
 l - 7 scrolls of teleportation {@r4}
 x - 2 scrolls of fog
 z - 2 scrolls of blinking {unknown}
 J - 5 scrolls of enchant weapon {unknown}
 K - a scroll of fear {unknown}
 Q - a scroll of amnesia {unknown}
 T - 2 scrolls of noise {unknown}
Potions
 d - 2 potions of heal wounds {@q2}
 n - 9 potions of curing {@q1}
 o - a potion of might {unknown}
 p - 2 potions of haste {@q3}
 u - 2 potions of cancellation
 w - 3 potions of invisibility {unknown}
 B - 2 potions of lignification {unknown}
 D - a potion of degeneration {unknown}
 F - 2 potions of ambrosia {unknown}
 L - 2 potions of flight {unknown}

Dungeon Overview and Level Annotations

Branches:
Dungeon (11/15)            Temple (1/1) D:4             Orc (0/2) D:11
 Bailey (visited)
   Lair: D:8-11

Altars:
Ashenzari
Cheibriados
Dithmenos
Elyvilon
Fedhas
Gozag
Hepliaklqana
Kikubaaqudgha
Makhleb
Nemelex Xobeh
Okawaru
Qazlal
Ru
Sif Muna
Trog
Uskayaw
Vehumet
Wu Jian
Xom
Yredelemnul
Zin
The Shining One

Shops:
D:6 [   D:9 [

Annotations:
D:11 Erolcha

#)O.. .########))#
..........#
.#######.#########
#.........#
#..O.####. #.##☼#
#### #.##[# ..<
##.##@## ..#
####..†<.[###..#
.......(#......#
####...[..#)..##
#...##.##.###
#.####.##.# #.
#.##.# # #.....
#.####


You could see Erolcha (fast).


Message History

You now have 65 max hp (+1).
Casting: Magic Dart (safe; 1% risk of failure)
Confirm with . or Enter, or press ? or * to list all spells.
Aiming: Magic Dart (safe; 1% risk of failure)
Press: ? - help, Shift-Dir - straight line, f - orc warrior
Aim: an orc warrior, wielding a +0 halberd and wearing a +0 plate armour (lightly wounded, 0% to evade)
The magic dart hits the orc warrior but does no damage.
Your battlesphere fires!
The barrage of energy hits the orc wizard! 😕 HP[+1]
Casting: Magic Dart (safe; 1% risk of failure)
Confirm with . or Enter, or press ? or * to list all spells.
Aiming: Magic Dart (safe; 1% risk of failure)
Press: ? - help, Shift-Dir - straight line, f/p - orc warrior
Aim: an orc warrior, wielding a +0 halberd and wearing a +0 plate armour (lightly wounded, 0% to evade)
The magic dart hits the orc warrior.
Your battlesphere fires!
The barrage of energy hits the orc warrior.
An orc comes into view. It is wielding a +0 mace. 😕 MP[-1]
You lost 1 mp, and now have 20/28 mp.
Casting: Magic Dart (safe; 1% risk of failure)
Confirm with . or Enter, or press ? or * to list all spells.
Aiming: Magic Dart (safe; 1% risk of failure)
Press: ? - help, Shift-Dir - straight line, f/p - orc warrior
Aim: an orc warrior, wielding a +0 halberd and wearing a +0 plate armour (moderately wounded, 0% to evade)
The magic dart hits the orc warrior.
Your battlesphere fires!
The barrage of energy hits the orc wizard!
You kill the orc wizard!
Vehumet accepts your kill.
The orc warrior hits you from afar with a +0 halberd!! 😮 HP[-21] MP[-1]
You take 21 damage, and now have 33/65 hp.
MASSIVE DAMAGE!! (PAUSE)
You lost 1 mp, and now have 19/28 mp.
Casting: Magic Dart (safe; 1% risk of failure)
Confirm with . or Enter, or press ? or * to list all spells.
You begin to radiate toxic energy.
The orc is poisoned.
The orc warrior is poisoned.
The orc is poisoned. x3
The orc looks even sicker. x3
The orc hits your battlesphere with a +0 flail.
The orc hits your battlesphere with a +0 flail!
The orc warrior hits you from afar with a +0 halberd!
* * * LOW HITPOINT WARNING * * *
😨 HP[-9] MP[-3]
You take 9 damage, and now have 24/65 hp.
You lost 3 mp, and now have 16/28 mp.
The orc warrior looks even sicker.
You kill the orc!
Vehumet accepts your kill.
The orc looks even sicker.
Your toxic aura wanes.
The orc warrior hits you from afar with a +0 halberd.
* * * LOW HITPOINT WARNING * * *
😨 HP[-3]
You take 3 damage, and now have 21/65 hp.
Casting: Olgreb's Toxic Radiance (dangerous; 2% risk of failure)
Confirm with . or Enter, or press ? or * to list all spells.
You imbue your battlesphere with additional charge.
The orc hits your battlesphere with a +0 flail.
The orc warrior barely misses you. 😨 HP[+1] MP[-4]
You lost 4 mp, and now have 12/28 mp.
Casting: Iskenderun's Battlesphere (dangerous; 1% risk of failure)
Confirm with . or Enter, or press ? or * to list all spells.
You imbue your battlesphere with additional charge.
The orc hits your battlesphere with a +0 flail! 😨 MP[-5]
You lost 5 mp, and now have 7/28 mp.
Casting: Iskenderun's Battlesphere (dangerous; 1% risk of failure)
Confirm with . or Enter, or press ? or * to list all spells.
You erupt in a blast of force!
The mystic blast hits the orc!
You kill the orc!
Vehumet accepts your kill.
The mystic blast hits the orc!!
You kill the orc!
Vehumet accepts your kill.
You feel your power returning.
The mystic blast hits the orc!
You kill the orc!
Vehumet accepts your kill.
The mystic blast hits the orc warrior!!
You kill the orc warrior!
Vehumet accepts your kill. 😨 MP[-2]
You lost 2 mp, and now have 5/28 mp.
Erolcha the Cunning comes into view.
She is wielding a +0 giant club. 😨 HP[+4] MP[+8]
You regained 4 hp, and now have 26/65 hp.
You regained 8 mp, and now have 13/28 mp. 😨 MP[+1] Erolcha hits your battlesphere with a +0 giant club!!
Your battlesphere is destroyed!
Things that are here:
a +0 leather armour; a +0 leather armour; a +0 hand axe 😨 MP[+1] Erolcha gestures at you while chanting.
The crystal spear hits you!!!
Ouch! That really hurt!
You die...

Skill      XL: |  1  2  3  4  5  6  7  8  9 10 11 |
---------------+----------------------------------+-----
Conjurations   | 5 6 7 8 9 10 | 10.1
Fighting       | 1 2 3 4 5 6 |  6.3
Spellcasting   | 4 5 6 8 9 11 | 11.5
Hexes          | 2 3 5 6 7 |  7.0
Translocations | 1 2 4 5 7 |  7.0
Shields        | 2 4 |  4.3
Evocations     | 2 |  2.8
Staves         | 1 |  1.6
Throwing       | 1 |  1.6
Dodging        | 3 |  3.4
Armour         | 1 |  1.3
Fire Magic     | 3 |  3.0
Ice Magic      | 3 |  3.5
Air Magic      | 3 |  3.0
Poison Magic   | 2 |  2.6
Stealth        | |  2.4

Action                   |  1- 3 |  4- 6 |  7- 9 | 10-12 || total
-------------------------+-------+-------+-------+-------++-------
Melee: Halberd           |       |       |    16 |       ||    16
       Mace              |       |       |       |     3 ||     3
       Staff             |       |       |       |     2 ||     2
 Fire: Hunting sling     |     2 |       |       |       ||     2
Throw: Dart              |       |       |     4 |     3 ||     7
       Stone             |       |       |     1 |       ||     1
       Boomerang         |       |       |     1 |       ||     1
 Cast: Magic Dart        |    54 |    95 |   118 |   327 ||   594
       Searing Ray       |     1 |    14 |    38 |    63 ||   116
       Iskenderun's Myst |       |       |    12 |    12 ||    24
       Fulminant Prism   |       |       |       |     2 ||     2
       Iskenderun's Batt |       |       |       |    22 ||    22
       Olgreb's Toxic Ra |       |       |       |     4 ||     4
  Use: Scroll            |       |       |     7 |     4 ||    11
Armor: Robe              |       |     5 |    12 |    16 ||    33
Dodge: Dodged            |    12 |     5 |    25 |    67 ||   109
Block: Buckler           |       |       |       |    23 ||    23

Levels and vault maps discovered:
D:1:      sevenhm_arrival_forest_fort_small_5, layout_basic
D:2:      layout_basic, overflow_temple_1_default
D:3:      layout_rooms, eat_drink_and_be_merry_uskayaw
D:4:      layout_rooms, minmay_temple_entry_mist
D:5:      layout_rooms
D:6:      lemuel_insect_pit, layout_cave_pools, overflow_temple_1_default,
          serial_shops, shop
D:7:      layout_loops_ring, led_sif_pool, grunt_temple_overflow_open,
          uniq_prince_ribbit1
D:8:      layout_basic, lemuel_flame_loot_1, uniq_erica, uniq_grum
D:9:      layout_cave_pools, nicolae_overflow_crystal_walls, enter_bailey_3,
          serial_shops, shop, skrybe_limestone_x
D:10:     layout_roguey, grunt_ministairs_8
D:11:     layout_loops_ring, lair_entry_dummy, orc_david_3, uniq_maurice,
          uniq_erolcha
Temple:   jpeg_temple_island

Notes
Turn   | Place    | Note
-------+----------+-------------------------------------------
     0 | D:1      | phalm the Deep Elf Conjurer began the quest for the Orb.
     0 | D:1      | Reached XP level 1. HP: 10/10 MP: 6/6
     0 | D:1      | magus.rc [v1.9.10]
   562 | D:1      | Reached XP level 2. HP: 16/16 MP: 5/8
   565 | D:1      | Learned a level 2 spell: Searing Ray
  1080 | D:2      | Reached skill level 5 in Conjurations
  1137 | D:2      | Reached XP level 3. HP: 20/20 MP: 7/10
  1147 | D:2      | Reached skill level 1 in Fighting
  1481 | D:2      | Reached XP level 4. HP: 25/25 MP: 8/11
  1513 | D:2      | Reached skill level 4 in Spellcasting
  2181 | D:2      | Found a shimmering altar of Xom.
  2330 | D:3      | Found a hide-covered altar of Uskayaw.
  2511 | D:3      | Reached XP level 5. HP: 15/30 MP: 5/13
  2516 | D:3      | Learned a level 4 spell: Iskenderun's Mystic Blast
  2521 | D:3      | Learned a level 4 spell: Fulminant Prism
  2748 | D:3      | Reached skill level 6 in Conjurations
  3084 | D:4      | Found a staircase to the Ecumenical Temple.
  3090 | D:4      | Reached skill level 1 in Hexes
  3094 | D:4      | Noticed a black bear
  3097 | Temple   | Entered the Ecumenical Temple
  3343 | D:4      | Noticed a phantom
  3375 | D:4      | Reached skill level 1 in Translocations
  3621 | D:4      | Killed a black bear
  3622 | D:4      | Reached skill level 2 in Fighting
  3622 | D:4      | Reached skill level 2 in Hexes
  3622 | D:4      | Reached XP level 6. HP: 35/35 MP: 8/15
  3691 | D:4      | Reached skill level 2 in Translocations
  3877 | D:4      | Reached skill level 5 in Spellcasting
  3877 | D:4      | Reached skill level 3 in Hexes
  3895 | D:4      | Reached XP level 7. HP: 35/40 MP: 5/16
  4214 | D:5      | Entered Level 5 of the Dungeon
  4254 | D:5      | Reached skill level 3 in Translocations
  4257 | D:5      | Reached skill level 4 in Hexes
  4420 | D:5      | Reached skill level 4 in Translocations
  4425 | D:5      | k - quicksilver dragon scales {rare}
  4428 | D:5      | Reached skill level 5 in Hexes
  4445 | D:5      | You finish putting on your quicksilver dragon scales
                  | {rare}.
  4450 | D:5      | You finish taking off your quicksilver dragon scales
                  | {rare}.
  4484 | D:5      | Reached XP level 8. HP: 45/45 MP: 16/18
  4622 | D:5      | Reached skill level 7 in Conjurations
  4631 | D:5      | Reached skill level 3 in Fighting
  4769 | D:5      | Reached skill level 6 in Spellcasting
  4997 | D:6      | Found Nusakuso's Antique Armour Shop.
  4998 | D:6      | Found a bloodstained altar of Trog.
  5002 | D:6      | Bought a glowing buckler for 225 gold pieces
  5131 | D:6      | Reached skill level 6 in Hexes
  5132 | D:6      | Reached skill level 1 in Shields
  5132 | D:6      | Reached skill level 5 in Translocations
  5573 | D:6      | Reached skill level 2 in Shields
  5643 | D:6      | Found a runed translucent door.
  5657 | D:6      | Found a runed translucent door.
  5891 | D:6      | Reached XP level 9. HP: 51/51 MP: 14/21
  6014 | D:7      | Noticed a two-headed ogre
  6026 | D:7      | Killed a two-headed ogre
  6027 | D:7      | Reached skill level 3 in Shields
  6027 | D:7      | Reached skill level 7 in Spellcasting
  6027 | D:7      | Reached skill level 7 in Hexes
  6027 | D:7      | Reached skill level 6 in Translocations
  6130 | D:7      | Reached skill level 4 in Fighting
  6159 | D:7      | Reached skill level 8 in Conjurations
  6160 | D:7      | Reached skill level 7 in Translocations
  6631 | D:7      | Found a shimmering blue altar of Sif Muna.
  6697 | D:7      | Reached skill level 4 in Shields
  6704 | D:7      | Noticed Prince Ribbit
  6712 | D:7      | Killed Prince Ribbit
  6847 | D:7      | Reached skill level 8 in Spellcasting
  7113 | D:7      | Found a shadowy altar of Dithmenos.
  7133 | D:7      | Reached XP level 10. HP: 54/58 MP: 16/24
  7167 | D:7      | Found a radiant altar of Vehumet.
  7169 | D:7      | Found an ancient bone altar of Kikubaaqudgha.
  7169 | D:7      | Found a burning altar of Makhleb.
  7170 | D:7      | Found a sacrificial altar of Ru.
  7170 | D:7      | Found a stormy altar of Qazlal.
  7170 | D:7      | Found a glowing golden altar of the Shining One.
  7177 | D:7      | Found an opulent altar of Gozag.
  7188 | D:7      | Became a worshipper of Vehumet
  7555 | D:8      | Noticed Grum
  7741 | D:8      | Killed Grum
  7742 | D:8      | Reached skill level 5 in Fighting
  7877 | D:8      | Reached skill level 9 in Conjurations
  7893 | D:8      | Reached skill level 9 in Spellcasting
  8057 | D:8      | Noticed a two-headed ogre
  8070 | D:8      | Killed a two-headed ogre
  8074 | D:8      | Reached * piety under Vehumet
  8074 | D:8      | Offered knowledge of Freeze by Vehumet.
  8144 | D:8      | You pick up a book of Misfortune and begin reading...
  8144 | D:8      | You add the spells Confusing Touch, Gell's Gravitas,
                  | Petrify, Metabolic Englaciation and Yara's Violent
                  | Unravelling to your library.
  8328 | D:8      | Noticed Erica
  8334 | D:8      | Killed Erica
  8335 | D:8      | Reached skill level 1 in Evocations
  8926 | D:9      | Found a flagged portal.
  8973 | Bailey   | Entered a bailey
  8987 | Bailey   | Reached skill level 1 in Staves
  8987 | Bailey   | Reached skill level 1 in Throwing
  9009 | Bailey   | Reached skill level 3 in Dodging
  9242 | Bailey   | Reached skill level 2 in Evocations
  9296 | Bailey   | Reached ** piety under Vehumet
  9296 | Bailey   | Offered knowledge of Foxfire by Vehumet.
  9297 | Bailey   | Reached skill level 1 in Armour
  9578 | Bailey   | Identified the +8 chain mail of Asko Deb {rF+ Regen+ Dex-2}
  9888 | Bailey   | Reached XP level 11. HP: 55/64 MP: 22/26
 10174 | Bailey   | Reached skill level 10 in Spellcasting
 10291 | Bailey   | Identified the Catalogue of Entrancing Attacks
 10292 | Bailey   | You add the spells Corona, Mephitic Cloud, Sticky Flame,
                  | Iskenderun's Battlesphere and Freezing Cloud to your
                  | library.
 10299 | Bailey   | Learned a level 5 spell: Iskenderun's Battlesphere
 10303 | Bailey   | Learned a level 3 spell: Mephitic Cloud
 10310 | Bailey   | Learned a level 6 spell: Freezing Cloud
 10442 | Bailey   | Learned a level 4 spell: Sticky Flame
 10658 | D:9      | Reached skill level 6 in Fighting
 10792 | D:9      | Offered knowledge of Conjure Flame by Vehumet.
 10939 | D:9      | Noticed a two-headed ogre
 10944 | D:9      | Killed a two-headed ogre
 10945 | D:9      | Reached skill level 1 in Fire Magic
 10945 | D:9      | Reached skill level 1 in Ice Magic
 10945 | D:9      | Reached skill level 1 in Air Magic
 10945 | D:9      | Reached skill level 1 in Poison Magic
 10983 | D:9      | Found an ornate altar of the Wu Jian Council.
 11012 | D:9      | Reached *** piety under Vehumet
 11086 | D:9      | Found Hurch's Antique Armour Shoppe.
 11283 | D:10     | Entered Level 10 of the Dungeon
 11324 | D:10     | Reached skill level 2 in Fire Magic
 11324 | D:10     | Reached skill level 2 in Ice Magic
 11324 | D:10     | Reached skill level 2 in Poison Magic
 11326 | D:10     | Reached skill level 10 in Conjurations
 11326 | D:10     | Reached skill level 2 in Air Magic
 11431 | D:10     | Offered knowledge of Olgreb's Toxic Radiance by Vehumet.
 11911 | D:10     | Noticed a two-headed ogre
 11915 | D:10     | Killed a two-headed ogre
 11916 | D:10     | Reached skill level 11 in Spellcasting
 11997 | D:10     | Learned a level 4 spell: Olgreb's Toxic Radiance
 12007 | D:10     | Reached skill level 3 in Fire Magic
 12007 | D:10     | Reached skill level 3 in Ice Magic
 12117 | D:11     | Reached **** piety under Vehumet
 12165 | D:11     | Found a staircase to the Orcish Mines.
 12172 | D:11     | Offered knowledge of Bolt of Magma by Vehumet.
 12173 | D:11     | Reached skill level 3 in Air Magic
 12198 | D:11     | Noticed Erolcha
 12203 | D:11     | Killed from afar by Erolcha

Vanquished Creatures
  Erica (D:8)
  4 two-headed ogres
  A cyclops (D:10)
  A troll (D:10)
  Prince Ribbit (D:7)
  Grum (D:8)
  6 yaks (D:10)
  A water moccasin (D:11)
  4 sky beasts
  18 orc warriors
  4 ice beasts
  An eye of draining (D:9)
  4 black bears
  2 phantoms
  6 ogres
  2 wolves (D:8)
  12 centaurs
  2 big kobolds
  7 bullfrogs
  4 scorpions
  7 killer bees
  9 wights
  5 howler monkeys
  2 centaur zombies
  9 hounds
  2 jellies (D:5)
  2 orc priests
  2 bullfrog skeletons
  7 orc wizards
  3 centaur skeletons
  2 iguanas
  15 worker ants
  A killer bee zombie (D:10)
  3 hound skeletons
  A worker ant zombie (D:10)
  13 gnolls
  A howler monkey skeleton (D:4)
  14 adders
  4 shadow imps
  4 white imps
  2 ufetubi
  An ooze (D:5)
  2 adder skeletons (D:4)
  An adder zombie (D:9)
  A worm (D:2)
  A dart slug (D:4)
  6 leopard geckos
  68 orcs
  4 giant cockroaches
  11 goblins
  7 hobgoblins
  2 jackals (D:3)
  19 kobolds
  2 quokkas
  A ball python (D:2)
  3 bats
  3 frilled lizards
  A leopard gecko zombie (D:7)
  5 rats
  3 butterflies (D:6)
331 creatures vanquished.

Vanquished Creatures (others)
  An ogre (D:8)
  An adder skeleton (D:8)
  2 orcs (D:8)
  2 fulminant prisms
6 creatures vanquished.

Grand Total: 337 creatures vanquished

Table legend:
 A = Non-vault XP
 B = Vault XP
 C = Vault XP percentage of total XP
 D = Non-vault monster count
 E = Vault monster count
 F = Vault count percentage of total count
                 A         B        C        D         E       F
            +---------+---------+-------+---------+---------+-------
      Total |   14919 |    4542 |  23.3 |     263 |      65 |  19.8
            +---------+---------+-------+---------+---------+-------
        D:1 |      17 |       0 |   0.0 |      11 |       0 |   0.0
        D:2 |     125 |       0 |   0.0 |      22 |       0 |   0.0
        D:3 |     123 |       0 |   0.0 |      22 |       0 |   0.0
        D:4 |     584 |       0 |   0.0 |      19 |       0 |   0.0
        D:5 |     921 |       0 |   0.0 |      28 |       0 |   0.0
        D:6 |     835 |     335 |  28.6 |      14 |      10 |  41.7
        D:7 |    2564 |     268 |   9.5 |      39 |       1 |   2.5
        D:8 |    2192 |    1365 |  38.4 |      33 |       4 |  10.8
        D:9 |    2111 |       6 |   0.3 |      34 |       4 |  10.5
       D:10 |    4801 |      16 |   0.3 |      26 |       1 |   3.7
       D:11 |     646 |     277 |  30.0 |      15 |       6 |  28.6
     Bailey |       0 |    2275 | 100.0 |       0 |      39 | 100.0
            +---------+---------+-------+---------+---------+-------

Illustrated notes

Table legend:
 A = Kills in this place as a percentage of kills in entire the game.
 B = Kills by you in this place as a percentage of kills by you in the entire game.
 C = Kills by friends in this place as a percentage of kills by friends in the entire game.
 D = Other kills in this place as a percentage of other kills in the entire game.
 E = Experience gained in this place as a percentage of experience gained in the entire game.
 F = Experience gained in this place divided by the number of levels of this place that you have seen.
                   A       B       C       D       E      F
               +-------+-------+-------+-------+-------+----------------------
         Total | 100.0 | 100.0 |   N/A |   N/A | 100.0 | 1497.0
       Dungeon |  88.1 |  88.1 |   N/A |   N/A |  88.3 | 1562.4
        Bailey |  11.9 |  11.9 |   N/A |   N/A |  11.7 | 2275.0
               +-------+-------+-------+-------+-------+----------------------

Table legend: (Time is in decaauts)
 A = Elapsed time spent in this place.
 B = Non-inter-level travel time spent in this place.
 C = Inter-level travel time spent in this place.
 D = Time resting spent in this place.
 E = Time spent auto-exploring this place.
 F = Levels seen in this place.
 G = Mean time per level.
                   A        B        C        D        E       F      G
               +--------+--------+--------+--------+--------+-----+--------+
         Total |  12280 |  11923 |    357 |     40 |   9778 |  13 |  944.6 |
       Dungeon |  10391 |  10049 |    342 |     40 |   8398 |  11 |  944.6 |
        Temple |    282 |    267 |     15 |      0 |    266 |   1 |  282.0 |
        Bailey |   1606 |   1606 |      0 |      0 |   1114 |   1 | 1606.0 |
               +--------+--------+--------+--------+--------+-----+--------+

Top non-repeatable levels by time:
  Bailey: 1606 daAuts
     D:6: 1306 daAuts
     D:7: 1304 daAuts
     D:8: 1285 daAuts
     D:2: 1204 daAuts
     D:1: 1065 daAuts
     D:4: 901 daAuts
     D:3: 835 daAuts
    D:10: 826 daAuts
     D:9: 822 daAuts
     D:5: 746 daAuts
  Temple: 282 daAuts
    D:11: 92 daAuts
